 Dungeon Crawl Stone Soup version 0.32-a0-909-gc671339a80 (webtiles) character file.

Game seed: 6615561290993529199

7179 greenreed the Grappler (level 10, 0/102 HPs)
             Began as a Troll Shapeshifter on Apr 6, 2024.
             Was a Priest of Wu Jian.
             Slain by a meliai (shapeshifter)
             ... wielding the +1 broad axe "Rasch" {flame, rPois rCorr}
              (1 damage)
             ... on level 9 of the Dungeon.
             The game lasted 00:16:38 (6741 turns).

greenreed the Grappler (Troll Shapeshifter)         Turns: 6741, Time: 00:16:39

Health: 0/102      AC:  5    Str: 28    XL:     10   Next: 86%
Magic:  9/9        EV: 15    Int:  6    God:    Wu Jian [***...]
Gold:   552        SH:  0    Dex:  9    Spells: 9/9 levels left

rFire   . .          .
                       - Unarmed
rCold   . . .        (no shield)
rNeg    + . .        A - +0 troll leather armour
rPois   .            (helmet currently unavailable)
rElec   .            (cloak currently unavailable)
rCorr   .            (gloves unavailable)
SInv    .            (boots unavailable)
Will    +....        B - amulet of regeneration
Stlth   +            q - +5 ring of evasion
HPRegen 2.77/turn    p - ring of positive energy
MPRegen 0.11/turn

%: no passive effects
@: lethally poisoned (0 -> -2), beast-form, enlightened, flying
A: beast (slay +4), large, unfitting armour, claws 3, regeneration 1, shaggy fur
1, tough skin 1
a: Begin Untransformation, Renounce Religion, Wall Jump, Serpent's Lash


You were on level 9 of the Dungeon.
You worshipped Wu Jian.
Wu Jian was most pleased with you.
You were a hulking beast.
You visited 2 branches of the dungeon, and saw 10 of its levels.

You collected 552 gold pieces.

Inventory:

Hand Weapons
 E - a +0 sling
Missiles
 C - 2 curare-tipped darts (quivered)
Armour
 e - a scarf of repulsion
 A - a +0 troll leather armour (worn)
Jewellery
 p - a ring of positive energy (right claw)
 q - a +5 ring of evasion (left claw)
 B - an amulet of regeneration (around neck)
Talismans
 d - a flux talisman
 l - a serpent talisman
 G - a blade talisman
 J - a beast talisman (active)
Wands
 c - a wand of roots (7)
 D - a wand of flame (36)
Scrolls
 a - a scroll of blinking {unknown}
 h - a scroll of immolation {unknown}
 i - 6 scrolls of identify {unknown}
 j - a scroll of vulnerability {unknown}
 m - 2 scrolls of teleportation {unknown}
 n - 2 scrolls of fog {unknown}
 r - a scroll of fear {unknown}
 t - 2 scrolls of enchant armour {unknown}
 u - a scroll of brand weapon {unknown}
 v - a scroll of amnesia {unknown}
 y - 2 scrolls of revelation {unknown}
 z - 3 scrolls of torment {unknown}
 F - 2 scrolls of noise {unknown}
Potions
 b - 3 potions of lignification
 f - 3 potions of berserk rage {unknown}
 g - 2 potions of curing {unknown}
 k - 2 potions of magic {unknown}
 o - 3 potions of enlightenment
 s - a potion of heal wounds {unknown}
 w - a potion of degeneration {unknown}
 x - a potion of experience {unknown}
 H - a potion of cancellation {unknown}
 I - a potion of ambrosia {unknown}
 K - a potion of mutation {unknown}


   Skills:
 * Level 7.0 Fighting
 + Level 6.2 Dodging
 * Level 10.9 Unarmed Combat
 + Level 7.2 Shapeshifting


You had 9 spell levels left.
You didn't know any spells.
Your spell library contained the following spells:

 Spells                   Type           Power      Damage    Failure   Level
 Freeze                   Ice            0%         1d3       50%         1
 Sandblast                Erth           0%         2d4       50%         1
 Summon Small Mammal      Summ           0%         N/A       50%         1
 Sublimation of Blood     Necr           0%         N/A       63%         2
 Call Canine Familiar     Summ           0%         N/A       86%         3
 Frozen Ramparts          Ice            0%         1d1       86%         3
 Hailstorm                Conj/Ice       0%         3d5       86%         3
 Stone Arrow              Conj/Erth      0%         3d7       86%         3
 Brom's Barrelling Bould  Conj/Erth      0%         2d3       99%         4
 Petrify                  Alch/Erth      0%         N/A       99%         4
 Summon Blazeheart Golem  Fire/Summ      0%         N/A       99%         4
 Irradiate                Conj/Alch      0%         3d11      100%        5


Dungeon Overview and Level Annotations

Branches:
Dungeon (9/15)             Temple (1/1) D:6
   Lair: D:8-11         Orc: D:9-12

Altars:
Ashenzari
Cheibriados
Dithmenos
Elyvilon
Gozag
Hepliaklqana
Kikubaaqudgha
Makhleb
Okawaru
Qazlal
Ru
Sif Muna
Trog
Vehumet
Wu Jian
Xom
Yredelemnul
Zin
The Shining One

Shops:
D:8 [


Innate Abilities, Weirdness & Mutations

You are a hulking beast.
Your limbs bulge with bestial killing power. (Slay +4)
You are too large for most types of armour.
You have claws for hands.
Your natural rate of healing is unusually fast.
You are covered in fur. (AC +1)
You have tough skin. (AC +1)


Message History

You feel very sick.
The meliai hits you with the +1 broad axe "Rasch"!!
The meliai burns you. The meliai barely misses you.
The meliai hits you with the +1 broad axe "Rasch".
The meliai burns you. The meliai stings you!
Unknown command.
Aiming: Fastroot
Press: ? - help, Shift-Dir - straight line, f - meliai
Aim: a meliai, wielding the +1 broad axe "Rasch" {flame, rPois rCorr} (moderately wounded)
The roots erupt in riotous growth!
Roots grab the meliai.
The grasping roots constrict the meliai.
You feel very sick.
You hear a roar!
You hear a shout!
The meliai closely misses you. The meliai stings you!
You are more poisoned.
The meliai poisons you!
The meliai hits you with the +1 broad axe "Rasch"!
The meliai burns you.
* * * LOW HITPOINT WARNING * * *
The meliai stings you.
* * * LOW HITPOINT WARNING * * *
Unknown command.
Unknown command.
Unknown command.
You scratch the meliai.
The meliai is heavily wounded.
The grasping roots constrict the meliai.
You feel very sick. The meliai misses you. The meliai stings you!
* * * LOW HITPOINT WARNING * * *
It was a potion of enlightenment.
You feel very buoyant.
You fly up into the air.
The grasping roots constrict the meliai.
You feel very sick.
The meliai hits you with the +1 broad axe "Rasch"!
* * * LOW HITPOINT WARNING * * *
The meliai burns you.
You die...

...§§§.§..####<..#...###.#
.....~.§§.......>###.##
#.# ...#.......######.#
#.# #.#
.#.#.###...#######.# #.#
#.# .........# #.# #.#
###+ ###+###..# #.# #.#
#.... ##.##.#..###.# #.#
#.#...#.##.##...##.## #.#
+.......#h#.'..#....#
#$..#.##y##.#.###...# # .H
#.##.##.)#....# #.
###'###..†....# #
#...##(..††..# .#
#.####.......# .'...
+##..#'.......# #.#.
#..#..#.......# #..#
#..####.......#


You could see a meliai (rooted).

Vanquished Creatures
  Maurice (D:9)
  3 trolls
  A wraith (D:9)
  4 yaks (D:8)
  A wyvern (D:8)
  A hog (shapeshifter) (D:9)
  2 steam dragons
  Menkaure (D:4)
  4 water moccasins
  Duvessa (D:4)
  4 orc warriors
  2 sky beasts (D:8)
  3 black bears
  3 ogres
  3 centaurs
  4 phantoms
  3 kobold brigands
  3 bullfrogs
  2 gnoll sergeants (D:9)
  3 scorpions
  Dowan (D:4)
  13 wights
  A jelly (D:7)
  4 killer bees (D:9)
  5 howler monkeys
  A bombardier beetle (D:4)
  3 hounds
  3 orc priests
  2 gnoll boudas
  A sleepcap (D:4)
  3 iguanas
  3 orc wizards
  Natasha (thrice) (D:3)
  15 gnolls
  9 adders
  2 dart slugs (D:3)
  3 ribbon worms
  35 orcs
  3 ball pythons
  10 bats
  6 endoplasms
  A giant cockroach (D:1)
  5 goblins
  6 hobgoblins
  3 jackals (D:1)
  22 kobolds
  2 quokkas
  7 frilled lizards
  6 rats
227 creatures vanquished.

Notes
Turn   | Place    | Note
-------+----------+-------------------------------------------
     0 | D:1      | greenreed the Troll Shapeshifter began the quest for the
                  | Orb.
     0 | D:1      | Reached XP level 1. HP: 18/18 MP: 0/0
    97 | D:1      | Reached skill level 1 in Fighting
   236 | D:1      | Reached XP level 2. HP: 20/27 MP: 1/1
  1111 | D:2      | Reached XP level 3. HP: 33/33 MP: 2/2
  1135 | D:2      | Found a shimmering altar of Xom.
  2108 | D:3      | Found a snail-covered altar of Cheibriados.
  2112 | D:3      | Noticed Natasha
  2118 | D:3      | Killed Natasha
  2119 | D:3      | Reached XP level 4. HP: 41/41 MP: 3/3
  2132 | D:3      | Noticed Natasha
  2149 | D:3      | Killed Natasha
  2150 | D:3      | Reached skill level 4 in Unarmed Combat
  2275 | D:3      | Noticed Natasha
  2280 | D:3      | Killed Natasha
  2281 | D:3      | Reached XP level 5. HP: 42/49 MP: 4/4
  2403 | D:3      | Found a white marble altar of Elyvilon.
  2663 | D:4      | Noticed a phantom
  2670 | D:4      | Killed a phantom
  2696 | D:4      | Reached XP level 6. HP: 57/57 MP: 5/5
  2856 | D:4      | Noticed Menkaure
  2859 | D:4      | Reached skill level 5 in Unarmed Combat
  2870 | D:4      | Killed Menkaure
  2871 | D:4      | Reached XP level 7. HP: 54/66 MP: 6/6
  2953 | D:4      | Noticed Duvessa
  2954 | D:4      | Noticed Dowan
  2962 | D:4      | Killed Duvessa
  2985 | D:4      | Killed Dowan
  2986 | D:4      | Reached skill level 6 in Unarmed Combat
  3218 | D:4      | Found an iron altar of Okawaru.
  3449 | D:5      | Entered Level 5 of the Dungeon
  3449 | D:5      | Found a glowing silver altar of Zin.
  3463 | D:5      | Noticed a troll
  3473 | D:5      | Killed a troll
  3476 | D:5      | HP: 3/67 [hound (5)]
  3478 | D:5      | Reached XP level 8. HP: 4/75 MP: 7/7
  3646 | D:5      | Reached skill level 7 in Unarmed Combat
  3646 | D:5      | Reached skill level 5 in Shapeshifting
  3674 | D:5      | Found a shimmering altar of Xom.
  4044 | D:6      | Reached skill level 8 in Unarmed Combat
  4060 | D:6      | Reached XP level 9. HP: 74/85 MP: 8/8
  4156 | D:6      | Identified the +0 leather armour "Lugucur" {rPois rF+ rCorr
                  | Dex+3}
  4254 | D:6      | Found a staircase to the Ecumenical Temple.
  4270 | Temple   | Entered the Ecumenical Temple
  4279 | Temple   | Became a worshipper of the Wu Jian Council
  4447 | D:6      | Reached skill level 5 in Dodging
  4850 | D:7      | Reached skill level 9 in Unarmed Combat
  4893 | D:7      | Found a burning altar of Makhleb.
  4902 | D:7      | Reached skill level 5 in Fighting
  4905 | D:7      | Found a basalt altar of Yredelemnul.
  4950 | D:7      | Found a hazy altar of Hepliaklqana.
  5112 | D:7      | Reached * piety under Wu Jian
  5370 | D:7      | Found a radiant altar of Vehumet.
  5486 | D:8      | Found Naem's Antique Armour Shop.
  5530 | D:8      | Reached XP level 10. HP: 80/96 MP: 9/9
  5670 | D:8      | Identified the +2 scale mail of Udom {rC- Int+4 Dex+3}
  6045 | D:8      | Reached skill level 10 in Unarmed Combat
  6230 | D:9      | Reached ** piety under Wu Jian
  6408 | D:9      | Noticed Maurice
  6411 | D:9      | Maurice stole a beast talisman
  6413 | D:9      | Something stole a +0 sling
  6415 | D:9      | Killed Maurice
  6463 | D:9      | Found a shimmering blue altar of Sif Muna.
  6547 | D:9      | Found a stormy altar of Qazlal.
  6670 | D:9      | Reached *** piety under Wu Jian
  6733 | D:9      | Identified the +1 broad axe "Rasch" {flame, rPois rCorr}
  6733 | D:9      | Noticed a meliai
  6734 | D:9      | Noticed a manticore
  6741 | D:9      | HP: 1/102 [meliai (shapeshifter)/the +1 broad axe "Rasch"
                  | {flame, rPois rCorr} (9)]
  6741 | D:9      | Slain by a meliai (shapeshifter)

Illustrated notes

Levels and vault maps discovered:
D:1:      wheals_arrival_linesprint, layout_loops_corners,
          grunt_decor_resistance, minmay_misc_feat_five
D:2:      layout_basic, basic_altar, hangedman_abyss_or_decor_stabs,
          minmay_tripent
D:3:      layout_basic, mainiacjoe_overflow_paths, kennysheep_slug_shrine,
          uniq_natasha
D:4:      layout_basic, marbit_many_paths, uniq_duvessa, uniq_menkaure
D:5:      layout_basic, mainiacjoe_overflow_alcove_1,
          mainiacjoe_overflow_alcove_4, corexii_item_surrounded_by_moat,
          minmay_misc_feat_alley
D:6:      layout_basic, temple_fountains, nicolae_concentric_dashed_squares_mild
D:7:      layout_gridville, nicolae_overflow_quartered_altars
D:8:      layout_loops_ring, serial_shops, shop
D:9:      minmay_the_grid_square_5x5_3x3
          [minmay_the_grid_square_5x5_hollow_slash,
          minmay_the_grid_square_5x5_comb,
          minmay_the_grid_square_5x5_checkered_statues,
          minmay_the_grid_square_5x5_tetrominoes,
          minmay_the_grid_square_5x5_megaprize_crossed,
          minmay_the_grid_square_5x5_hourglass,
          minmay_the_grid_square_5x5_n_small,
          minmay_the_grid_square_5x5_two_walls_a,
          minmay_the_grid_square_5x5_minimal], layout_loops_ring,
          lemuel_round_altar, nicolae_qazlal_scattered_showers,
          minmay_statues_item, uniq_maurice
Temple:   hellmonk_temple_two_chambers

Skill      XL: |  1  2  3  4  5  6  7  8  9 10 |
---------------+-------------------------------+-----
Fighting       | 1 2 3 4 5 7 |  7.0
Dodging        | 2 3 4 5 6 |  6.2
Unarmed Combat | 4 5 6 8 9 10 | 10.9
Shapeshifting  | 4 5 6 7 |  7.2

Action                     |  1- 3 |  4- 6 |  7- 9 | 10-12 || total
---------------------------+-------+-------+-------+-------++-------
  Melee: Unarmed           |   100 |    80 |   241 |   156 ||   577
         Punch             |       |     4 |    10 |     6 ||    20
Ability: Lunge             |       |       |    15 |    16 ||    31
  Evoke: Wand              |       |       |       |     1 ||     1
    Use: Potion            |       |       |       |     1 ||     1
   Stab: Sleeping          |     1 |     1 |       |       ||     2
 Armour: Animal skin       |    54 |    51 |    44 |       ||   149
         Troll leather arm |       |       |    87 |    73 ||   160
  Dodge: Dodged            |    40 |    60 |   154 |    87 ||   341

Table legend: (Time is in decaauts)
 A = Elapsed time spent in this place.
 B = Non-inter-level travel time spent in this place.
 C = Inter-level travel time spent in this place.
 D = Time resting spent in this place.
 E = Time spent auto-exploring this place.
 F = Levels seen in this place.
 G = Mean time per level.
                   A        B        C        D        E       F      G
               +--------+--------+--------+--------+--------+-----+--------+
         Total |   6674 |   6405 |    269 |     46 |   5157 |  10 |  667.4 |
       Dungeon |   6659 |   6399 |    260 |     46 |   5157 |   9 |  739.9 |
        Temple |     15 |      6 |      9 |      0 |      0 |   1 |   15.0 |
               +--------+--------+--------+--------+--------+-----+--------+

Top non-repeatable levels by time:
     D:2: 1014 daAuts
     D:1: 1012 daAuts
     D:4: 840 daAuts
     D:6: 763 daAuts
     D:7: 747 daAuts
     D:8: 682 daAuts
     D:3: 617 daAuts
     D:9: 544 daAuts
     D:5: 435 daAuts
  Temple: 15 daAuts
